 Dungeon Crawl Stone Soup version 0.21-a0-338-g36cf2fc (webtiles) character file.

7847 tof the Grappler (level 11, -1/110 HPs)
             Began as a Troll Berserker on Oct 3, 2017.
             Was a High Priest of Trog.
             Slain by Snorg (15 damage)
             ... on level 10 of the Dungeon.
             The game lasted 00:19:27 (9246 turns).

tof the Grappler (Troll Berserker)                  Turns: 9246, Time: 00:19:28

Health: -1/110     AC:  8    Str: 27    XL:     11   Next: 2%
Magic:  10/10      EV: 13    Int:  4    God:    Trog [*****.]
Gold:   592        SH:  0    Dex: 11    Spells: 10/10 levels left

rFire    . . .     SeeInvis .     - Unarmed
rCold    + . .     Gourm    +   (no shield)
rNeg     . . .     Faith    +   m - +0 steam dragon scales
rPois    .         Spirit   .   (helmet restricted)
rElec    .         Reflect  .   (no cloak)
rCorr    .         Harm     .   (gloves unavailable)
MR       .....                  (boots unavailable)
Stlth    +.........             z - amulet of faith
HPRegen  0.68/turn              c - +1 ring of slaying
MPRegen  0.12/turn              F - ring of protection from cold

@: no status effects
A: unfitting armour, claws 3, fast metabolism 3, gourmand, regeneration 1,
shaggy fur 1, tough skin 2
a: Berserk, Trog's Hand, Brothers in Arms, Burn Spellbooks, Renounce Religion


You were on level 10 of the Dungeon.
You worshipped Trog.
Trog was extremely pleased with you.
You were full.

You visited 1 branch of the dungeon, and saw 10 of its levels.

You collected 592 gold pieces.

Inventory:

Hand Weapons
 b - a +4 arbalest of flaming
Missiles
 I - 58 bolts
Armour
 m - +0 steam dragon scales (worn)
Jewellery
 c - a +1 ring of slaying (left claw)
 o - an uncursed amulet of guardian spirit
 z - an amulet of faith (around neck)
 F - a ring of protection from cold (right claw)
Wands
 a - a wand of random effects (24/48)
 k - a wand of confusion (13/48)
 A - a wand of enslavement (5/24)
 J - a wand of flame (12/48)
Scrolls
 d - a scroll of enchant armour {unknown}
 e - 3 scrolls of recharging
 g - a scroll of random uselessness
 h - 3 scrolls of magic mapping
 l - 2 scrolls of remove curse
 n - 4 scrolls of teleportation
 s - a scroll of noise {unknown}
 w - 2 scrolls of amnesia {unknown}
 y - 3 scrolls of blinking {unknown}
 G - 2 scrolls of silence {unknown}
Potions
 i - 5 potions of flight {unknown}
 j - a potion of heal wounds {unknown}
 q - 4 potions of degeneration {unknown}
 u - 4 potions of agility {unknown}
 v - 2 potions of lignification {unknown}
 x - a potion of haste
 B - 2 potions of mutation {unknown}
 C - 8 potions of curing {unknown}
 D - a potion of ambrosia {unknown}
Books
 p - a book of Maledictions

   Spells                             Type                      Level
   a - Corona                         Hexes                        1
   b - Ensorcelled Hibernation        Hexes/Ice                    2
   c - Confuse                        Hexes                        3
   d - Tukima's Dance                 Hexes                        3
   e - Dazzling Spray                 Conjuration/Hexes            3
   Trog disapproves of the use of such an item.
Miscellaneous
 E - a fan of gales
Comestibles
 f - 7 royal jellies
 r - 12 fruits
 t - 2 meat rations
 H - 15 bread rations


   Skills:
 + Level 7.6 Fighting
 + Level 0.2 Crossbows
 + Level 7.6 Dodging
 * Level 12.1 Unarmed Combat


You had 10 spell levels left.
You didn't know any spells.

Dungeon Overview and Level Annotations

Branches:
Dungeon (10/15)            Temple (0/1) D:6            Lair (0/6) D:10
    Orc: D:9-12

Altars:
Cheibriados
Elyvilon
Makhleb
Nemelex Xobeh
Okawaru
Sif Muna
Wu Jian

Shops:
D:10 (

Annotations:
D:10 Snorg


Innate Abilities, Weirdness & Mutations

You are too large for most types of armour.
You have claws for hands.
Your metabolism is lightning-fast.
You like to eat raw meat.
Your natural rate of healing is unusually fast.
You are covered in fur. (AC +1)
You have very tough skin. (AC +2)


Message History

Your +4 arbalest of flaming stops flaming.
You are now empty-clawed.
Snorg bites you. Snorg closely misses you. Snorg barely misses you.
You claw Snorg!
Snorg is lightly wounded.
Snorg barely misses you. Snorg claws you! x2
You barely miss Snorg.
Snorg is lightly wounded.
Snorg bites you!!
Snorg claws you! x2; The jelly barely misses you.
You barely miss Snorg.
Snorg is lightly wounded.
Snorg bites you!!
* * * LOW HITPOINT WARNING * * *
Snorg claws you.
* * * LOW HITPOINT WARNING * * *
Snorg closely misses you. The jelly closely misses you.
You claw Snorg!
Snorg is moderately wounded.
Snorg misses you. Snorg claws you!
You die...

.........)........#
..........)..(....#
..................#
.....)...........>#
....[.)...........#
..................#
..................#
.............>....#
................@.#
...............TJ.#
#######...........#
...........#
.[....#'##
..?...#∩# ......###
(.....


You could see Snorg (berserk) and a jelly.

Vanquished Creatures
  A two-headed ogre (D:9)
  Joseph (D:7)
  An ice statue (D:10)
  A hippogriff (D:10)
  A wyvern (D:8)
  A spriggan (D:7)
  Eustachio (D:5)
  3 yaks
  A hungry ghost (D:7)
  A steam dragon (D:8)
  3 wargs
  2 water moccasins
  6 orc warriors
  4 phantoms
  2 sky beasts
  A black bear (D:6)
  An eye of draining (D:9)
  3 ogres
  6 centaurs
  A big kobold (D:9)
  6 bullfrogs
  4 scorpions
  A howler monkey (D:5)
  3 electric eels (D:7)
  8 crimson imps
  A centaur zombie (D:8)
  2 bullfrog zombies
  A jelly (D:6)
  7 hounds
  9 orc priests
  A bullfrog skeleton (D:8)
  2 centaur skeletons
  An iron imp (D:9)
  5 iguanas
  10 orc wizards
  7 worker ants
  A hound zombie (D:5)
  3 hound skeletons
  9 adders
  2 shadow imps
  An adder zombie (D:9)
  4 adder skeletons
  7 worms
  3 dart slugs (D:1)
  7 leopard geckos
  35 orcs
  8 bats
  7 giant cockroaches
  10 hobgoblins
  18 jackals
  9 quokkas
  4 frilled lizards
  7 goblins
  5 kobolds
  A leopard gecko zombie (D:7)
  2 quokka zombies (D:6)
  14 rats
  2 plants (D:7)
268 creatures vanquished.

Vanquished Creatures (others)
  A hound (D:8)
  An orc (D:8)
  A leopard gecko skeleton (D:8)
3 creatures vanquished.

Grand Total: 271 creatures vanquished

Notes
Turn   | Place    | Note
-------+----------+-------------------------------------------
     0 | D:1      | tof the Troll Berserker began the quest for the Orb.
     0 | D:1      | Reached XP level 1. HP: 22/22 MP: 0/0
   211 | D:1      | Reached XP level 2. HP: 24/29 MP: 1/1
   384 | D:1      | Reached XP level 3. HP: 36/36 MP: 2/2
   502 | D:1      | Reached ** piety under Trog
  1217 | D:2      | Reached XP level 4. HP: 45/45 MP: 3/3
  1285 | D:2      | Reached skill level 4 in Unarmed Combat
  1604 | D:2      | Found a deep blue altar of Sif Muna.
  1817 | D:3      | Reached XP level 5. HP: 53/53 MP: 4/4
  2528 | D:4      | Reached *** piety under Trog
  2606 | D:4      | Noticed a phantom
  2617 | D:4      | Killed a phantom
  2617 | D:4      | Reached skill level 5 in Unarmed Combat
  2617 | D:4      | Reached XP level 6. HP: 49/62 MP: 2/5
  2836 | D:4      | Found a snail-covered altar of Cheibriados.
  3229 | D:4      | Found an iron altar of Okawaru.
  3290 | D:5      | Entered Level 5 of the Dungeon
  3357 | D:5      | Reached skill level 6 in Unarmed Combat
  3357 | D:5      | Reached XP level 7. HP: 69/70 MP: 6/6
  3671 | D:5      | Noticed Eustachio
  3681 | D:5      | Killed Eustachio
  3697 | D:5      | Found a sparkling altar of Nemelex Xobeh.
  3790 | D:5      | Reached skill level 7 in Unarmed Combat
  3841 | D:5      | Reached XP level 8. HP: 58/79 MP: 7/7
  4348 | D:6      | Reached **** piety under Trog
  4458 | D:6      | Reached skill level 5 in Fighting
  4473 | D:6      | Reached skill level 5 in Dodging
  4535 | D:6      | Reached skill level 8 in Unarmed Combat
  4792 | D:6      | Found a staircase to the Ecumenical Temple.
  4826 | D:6      | Found an ornate altar of the Wu Jian Council.
  5175 | D:7      | Reached XP level 9. HP: 83/88 MP: 6/8
  5275 | D:7      | Reached skill level 9 in Unarmed Combat
  5498 | D:7      | Found a transporter.
  5584 | D:7      | Found a transporter.
  5736 | D:7      | Noticed Joseph
  5751 | D:7      | Killed Joseph
  5751 | D:7      | Reached ***** piety under Trog
  5846 | D:7      | Found a white marble altar of Elyvilon.
  5886 | D:7      | Reached skill level 10 in Unarmed Combat
  6529 | D:8      | Reached XP level 10. HP: 84/100 MP: 6/9
  7085 | D:9      | Noticed a two-headed ogre
  7102 | D:9      | Reached skill level 11 in Unarmed Combat
  7535 | D:9      | Killed a two-headed ogre
  7844 | D:9      | Found a burning altar of Makhleb.
  7924 | D:10     | Entered Level 10 of the Dungeon
  7966 | D:10     | Noticed an ice statue
  7981 | D:10     | Killed an ice statue
  8101 | D:9      | Reached skill level 12 in Unarmed Combat
  8469 | D:9      | Received a gift from Trog
  9155 | D:10     | Found a staircase to the Lair.
  9192 | D:10     | Reached XP level 11. HP: 110/110 MP: 10/10
  9236 | D:10     | Found Jinurrai's Antique Weapon Boutique.
  9238 | D:10     | Noticed Snorg
  9246 | D:10     | Slain by Snorg

Vault maps used:
D:1:      nicolae_arrival_somewhat_less_tricky_arrival, minmay_split_cup_small
D:2:      lemuel_blue_sif_altar
D:4:      nicolae_overflow_hidden_temple, kennysheep_okawaru_gauntlet
D:5:      nemelex_xobeh_ov_fountains_minmay, first_bread, uniq_eustachio
D:6:      kennysheep_mini_moat, minmay_temple_entry_statues_pillars
D:7:      gammafunk_steamed_eel, lemuel_doored_altar, the_bakery, st_stairs_8,
          uniq_joseph
D:8:      kennysheep_generic_room_6
D:9:      makhleb_grotto_becter, minmay_misc_feat_rugged
D:10:     erik_lair_orcish_takeover, serial_shops, kennysheep_mini,
          minivault_16, uniq_snorg

Skill      XL: |  1  2  3  4  5  6  7  8  9 10 |
---------------+-------------------------------+-----
Dodging        | 3 4 5 6 7 |  7.6
Fighting       | 3 4 5 6 7 |  7.6
Unarmed Combat | 4 5 6 7 8 10 12 | 12.1
Crossbows      | |  0.2

Action                   |  1- 3 |  4- 6 |  7- 9 | 10-12 || total
-------------------------+-------+-------+-------+-------++-------
Melee: Unarmed           |   122 |   184 |   257 |   184 ||   747
       Punch             |       |     6 |     6 |     8 ||    20
 Fire: Arbalest          |       |       |       |    17 ||    17
  Use: Scroll            |       |     1 |     2 |     4 ||     7
 Stab: Sleeping          |       |     2 |     6 |     1 ||     9
  Eat: Chunk             |    17 |    15 |    36 |    23 ||    91
       Meat ration       |       |       |     1 |       ||     1
Armor: Animal skin       |    66 |    64 |    57 |       ||   187
       Steam dragon scal |       |       |       |    47 ||    47
Dodge: Dodged            |    91 |    91 |   135 |   103 ||   420

Table legend:
 A = Spawn XP
 B = Non-spawn XP
 C = Spawn XP percentage of total XP
 D = Spawn monster count
 E = Non-spawn monster count
 F = Spawn count percentage of total count
 G = Total turns spent on level
                    A         B        C        D         E        F      G
               +---------+---------+-------+---------+---------+-------+---------
         Total |       0 |   11210 |   0.0 |       0 |     267 |   0.0 |  9246
               +---------+---------+-------+---------+---------+-------+---------
           D:1 |       0 |      63 |   0.0 |       0 |      34 |   0.0 |   929
           D:2 |       0 |      66 |   0.0 |       0 |      20 |   0.0 |   719
           D:3 |       0 |     122 |   0.0 |       0 |      26 |   0.0 |   780
           D:4 |       0 |     411 |   0.0 |       0 |      26 |   0.0 |   917
           D:5 |       0 |     830 |   0.0 |       0 |      19 |   0.0 |   955
           D:6 |       0 |    1131 |   0.0 |       0 |      31 |   0.0 |  1001
           D:7 |       0 |    2120 |   0.0 |       0 |      29 |   0.0 |  1522
           D:8 |       0 |    2373 |   0.0 |       0 |      31 |   0.0 |   822
           D:9 |       0 |    2378 |   0.0 |       0 |      29 |   0.0 |  1230
          D:10 |       0 |    1716 |   0.0 |       0 |      22 |   0.0 |   371
               +---------+---------+-------+---------+---------+-------+---------
